 Dungeon Crawl Stone Soup version 0.24-a0-513-g284f782df5 (webtiles) character file.

Game seed: 14026858934118858695

67 nikopol the Firebug (level 3, -9/19 HPs)
             Began as a Deep Elf Fire Elementalist on July 20, 2019.
             Killed by divine providence
             ... invoked by an orc priest
              (14 damage)
             ... on level 2 of the Dungeon.
             The game lasted 00:03:27 (1097 turns).

nikopol the Firebug (Deep Elf Fire Elementalist)    Turns: 1097, Time: 00:03:27

Health: -9/19      AC:  5    Str:  9    XL:     3   Next: 98%
Magic:  2/10       EV: 13    Int: 23    God:
Gold:   80         SH:  0    Dex: 15    Spells: 8/9 levels left

rFire    . . .     SeeInvis .   (no weapon)
rCold    . . .     Gourm    .   (no shield)
rNeg     . . .     Faith    .   a - +0 robe
rPois    .         Spirit   .   i - +1 helmet {Int+3}
rElec    .         Reflect  .   (no cloak)
rCorr    .         Harm     .   g - +0 pair of gloves
MR       .....                  (no boots)
Stlth    ++........             (no amulet)
HPRegen  0.06/turn              j - +4 ring of strength
MPRegen  0.12/turn              (no ring)

@: no status effects
A: no striking features
a: no special abilities


You were on level 2 of the Dungeon.
You were not hungry.

You visited 1 branch of the dungeon, and saw 2 of its levels.

You collected 80 gold pieces.

Inventory:

Armour
 a - a +0 robe (worn)
 g - a +0 pair of gloves (worn)
 i - a +1 helmet of intelligence (worn)
Jewellery
 j - a +4 ring of strength (left hand)
Scrolls
 b - 2 scrolls of teleportation {unknown}
 d - 2 scrolls of remove curse {unknown}
 f - 3 scrolls of amnesia {unknown}
 h - a scroll of fog {unknown}
 k - a scroll of identify {unknown}
Potions
 e - a potion of heal wounds {unknown}
Comestibles
 c - 3 rations


   Skills:
 + Level 3.0 Dodging
 + Level 2.8 Stealth
 + Level 3.6 Spellcasting
 + Level 1.5 Conjurations
 + Level 4.4 Fire Magic


You had 8 spell levels left.
You knew the following spells:

 Your Spells              Type           Power        Failure   Level  Hunger
a - Flame Tongue          Conj/Fire      ###..        3%          1    None

Your spell library contained the following spells:

 Spells                   Type           Power        Failure   Level  Hunger
 Throw Flame              Conj/Fire      ###...       4%          2    #......
 Conjure Flame            Conj/Fire      ###.....     10%         3    ###....
 Inner Flame              Hex/Fire       ##......     13%         3    ###....
 Sticky Flame             Conj/Fire      ###.....     32%         4    ####...
 Fireball                 Conj/Fire      ###.......   65%         5    ######.


Dungeon Overview and Level Annotations

Branches:
Dungeon (2/15)

Altars:


Message History

The orc wizard is severely wounded.
Casting: Flame Tongue (safe; 3% risk of failure)
Confirm with . or Enter, or press ? or * to list all spells.
Aiming: Flame Tongue (safe; 3% risk of failure)
Press: ? - help, Shift-Dir - straight line, f/p - orc wizard
Aim: an orc wizard, wielding a +1 antimagic dagger and wearing a +0 robe (severely wounded)
The flame tongue hits the orc wizard but does no damage.
The orc wizard is severely wounded.
The orc wizard barely misses you.
Casting: Flame Tongue (safe; 3% risk of failure)
Confirm with . or Enter, or press ? or * to list all spells.
Aiming: Flame Tongue (safe; 3% risk of failure)
Press: ? - help, Shift-Dir - straight line, f/p - orc wizard
Aim: an orc wizard, wielding a +1 antimagic dagger and wearing a +0 robe (severely wounded)
The flame tongue hits the orc wizard.
You kill the orc wizard!
The orc priest invokes the aid of Beogh against you.
Beogh smites you!
Ouch! That really hurt!
You die...

#.#...####..............#
####.#..####.)...(.........#
#..........<....)...........
##.##...######........#######
#......## #....)....#
#.#.#..# #...........#
#.#.#### #..########.#.
###.#.# ##..# #........
#.....## #@..# #.....l..
###....# ##..## #........
#.##.# #.o.# #........
#.##.######..## #........
#..#......#.o# #.......[
##..#####..l.#####........
##.#......)###>.l........
#.#........oo.######..##
#..†.......#### .#


You could see an orc priest, an orc and a frilled lizard.

Vanquished Creatures
  An orc wizard (D:2)
  An adder (D:2)
  An ooze (D:2)
  3 bats
  2 giant cockroaches (D:1)
  3 goblins (D:1)
  4 hobgoblins
  7 kobolds
  A quokka (D:2)
  4 frilled lizards
  2 rats (D:2)
29 creatures vanquished.

Notes
Turn   | Place    | Note
-------+----------+-------------------------------------------
     0 | D:1      | nikopol the Deep Elf Fire Elementalist began the quest for
                  | the Orb.
     0 | D:1      | Reached XP level 1. HP: 10/10 MP: 6/6
   224 | D:1      | Reached XP level 2. HP: 10/15 MP: 1/8
   475 | D:1      | Reached skill level 4 in Fire Magic
   972 | D:2      | Reached XP level 3. HP: 15/19 MP: 7/9
  1097 | D:2      | Killed from afar by an orc priest

Levels and vault maps discovered:
D:1:      dpeg_arrival_rooms_c, layout_basic
D:2:      layout_rooms, nicolae_overflow_hidden_temple

Skill      XL: |  1  2  3 |
---------------+----------+-----
Fire Magic     | 4 |  4.4
Dodging        | 3 |  3.0
Stealth        | |  2.8
Spellcasting   | |  3.6
Conjurations   | |  1.5

Action                   || total
-------------------------++-------
 Cast: Flame Tongue      ||    53
Armor: Robe              ||     2
Dodge: Dodged            ||     9

Table legend:
 A = Non-vault XP
 B = Vault XP
 C = Vault XP percentage of total XP
 D = Non-vault monster count
 E = Vault monster count
 F = Vault count percentage of total count
                 A         B        C        D         E       F
            +---------+---------+-------+---------+---------+-------
      Total |      96 |       0 |   0.0 |      29 |       0 |   0.0
            +---------+---------+-------+---------+---------+-------
        D:1 |      28 |       0 |   0.0 |      17 |       0 |   0.0
        D:2 |      68 |       0 |   0.0 |      12 |       0 |   0.0
            +---------+---------+-------+---------+---------+-------
